| TOP OF THE 1ST |
|
New York Yankees batting - Pitching for Philadelphia Phillies : RHP Sean Hill
|
|
Pitching: RHP Sean Hill
|
|
|
Batting: RHB Russ Shambaugh
|
0-0: Ball 1-0: Foul Ball, location: 2F 1-1: Ball 2-1: Called Strike 2-2: Strikes out swinging
|
|
Batting: RHB Jeckel Hester
|
0-0: Ball 1-0: Ball 2-0: Ball 3-0: Called Strike 3-1: Foul Ball, location: 2F 3-2: DOUBLE (Line Drive, 9LD, EV 101.2 MPH)
|
|
Batting: SHB Bartholomeu Chambino
|
0-0: Foul Ball, location: 2F 0-1: Swinging Strike 0-2: Foul Ball, location: 2F 0-2: SINGLE (Line Drive, 89S, EV 96.9 MPH) Jeckel Hester to third Runner from 3rd tries for Home, throw by RF and OUT! 9-2
|
|
Batting: SHB Gus Berry
|
0-0: Called Strike 0-1: Ball 1-1: Ball 2-1: Ball 3-1: Fielders Choice at 2nd, 6-4 (Groundball, 6, EV 88.1 MPH)
|
| Top of the 1st over - 0 runs, 2 hits, 0 errors, 1 left on base; New York 0 - Philadelphia 0 |
| BOTTOM OF THE 1ST |
|
Philadelphia Phillies batting - Pitching for New York Yankees : LHP Zach Purvis
|
|
Pitching: LHP Zach Purvis
|
|
|
Batting: SHB Lance Franklin
|
0-0: SINGLE (Groundball, 25, EV 70.6 MPH) (infield hit)
|
|
Batting: LHB Nick Canizales
|
0-0: Called Strike 0-1: Sac Bunt to 5S - play at first, batter OUT! 5-3 Lance Franklin to second
|
|
Batting: LHB Brad Turner
|
0-0: Ball 1-0: Ball 2-0: Called Strike 2-1: Fly out, F8 (Flyball, 8LXD, EV 91.2 MPH) Runner from 2nd tags up, SAFE at 3rd, no throw by CF
|
|
Batting: RHB Quintin Parker
|
0-0: Ground out 6-3 (Groundball, 6, EV 99.4 MPH)
|
| Bottom of the 1st over - 0 runs, 1 hit, 0 errors, 1 left on base; New York 0 - Philadelphia 0 |
| TOP OF THE 2ND |
|
New York Yankees batting - Pitching for Philadelphia Phillies : RHP Sean Hill
|
|
Batting: RHB Larry Martell
|
0-0: Ball 1-0: Ball 2-0: Called Strike 2-1: SINGLE (Groundball, 56S, EV 71.9 MPH) (infield hit)
|
|
Batting: SHB Mukhtar Wa'il
|
0-0: Ball 1-0: Fly out, F8 (Flyball, 8RD, EV 108.8 MPH)
|
|
Batting: RHB Adriaan Pieters
|
0-0: Ball 1-0: Foul Ball, location: 2F 1-1: Grounds into double play, 4-6-3 (Groundball, 4, EV 86.2 MPH)
|
| Top of the 2nd over - 0 runs, 1 hit, 0 errors, 0 left on base; New York 0 - Philadelphia 0 |
| BOTTOM OF THE 2ND |
|
Philadelphia Phillies batting - Pitching for New York Yankees : LHP Zach Purvis
|
|
Batting: LHB Osamu Kubo
|
0-0: Ball 1-0: Ball 2-0: Swinging Strike 2-1: Foul Ball, location: 2F 2-2: Strikes out swinging
|
|
Batting: RHB Josh Hensley
|
0-0: Ball 1-0: Ball 2-0: Ball 3-0: Base on Balls
|
|
Batting: LHB Ryan Trombley
|
0-0: Ball 1-0: Ball 2-0: Ball 3-0: Called Strike 3-1: DOUBLE (Line Drive, 7LS, EV 89.4 MPH) Josh Hensley to third
|
|
Batting: SHB Phuck II
|
0-0: Ball 1-0: Foul Ball, location: 2F 1-1: Called Strike 1-2: Ball 2-2: SINGLE (Groundball, 5S, EV 69.4 MPH) (infield hit) Josh Hensley scores Ryan Trombley to third
|
|
Batting: LHB Cody Schumacher
|
0-0: Swinging Strike 0-1: Swinging Strike 0-2: Strikes out swinging
|
|
Batting: SHB Lance Franklin
|
0-0: Ball 1-0: Ball 2-0: SINGLE (Line Drive, 8RS, EV 101.2 MPH) Ryan Trombley scores Phuck II to second
|
|
Batting: LHB Nick Canizales
|
0-0: Called Strike 0-1: Fly out, F5 (Line Drive, 56, EV 69.4 MPH)
|
| Bottom of the 2nd over - 2 runs, 3 hits, 0 errors, 2 left on base; New York 0 - Philadelphia 2 |
| TOP OF THE 3RD |
|
New York Yankees batting - Pitching for Philadelphia Phillies : RHP Sean Hill
|
|
Batting: RHB Ryan Neal
|
0-0: Called Strike 0-1: Ball 1-1: Foul Ball, location: 2F 1-2: Ball 2-2: Strikes out swinging
|
|
Batting: LHB Dan Morris
|
0-0: Swinging Strike 0-1: Called Strike 0-2: Ground out 5-3 (Groundball, 5, EV 101.2 MPH)
|
|
Batting: RHB Russ Shambaugh
|
0-0: Called Strike 0-1: DOUBLE (Groundball, 5L, EV 103.1 MPH)
|
|
Batting: RHB Jeckel Hester
|
0-0: Ball 1-0: SINGLE (Groundball, 56D, EV 103.8 MPH) Russ Shambaugh to third Runner from 3rd tries for Home, SAFE, throw by LF to home
|
|
Batting: SHB Bartholomeu Chambino
|
0-0: Ground out 4-3 (Groundball, 4, EV 83.1 MPH)
|
| Top of the 3rd over - 1 run, 2 hits, 0 errors, 1 left on base; New York 1 - Philadelphia 2 |
| BOTTOM OF THE 3RD |
|
Philadelphia Phillies batting - Pitching for New York Yankees : LHP Zach Purvis
|
|
Batting: LHB Brad Turner
|
0-0: Swinging Strike 0-1: Ball 1-1: Called Strike 1-2: Foul Ball, location: 2F 1-2: Ball 2-2: Fly out, F8 (Flyball, 8RS, EV 91.9 MPH)
|
|
Batting: RHB Quintin Parker
|
0-0: Ball 1-0: Ball 2-0: Called Strike 2-1: Foul Ball, location: 2F 2-2: Ball 3-2: Foul Ball, location: 2F 3-2: Base on Balls
|
|
Batting: LHB Osamu Kubo
|
0-0: Fly out, F8 (Line Drive, 8RD, EV 83.1 MPH)
|
|
Batting: RHB Josh Hensley
|
0-0: Ball 1-0: Foul Ball, location: 2F 1-1: Ground out 5-3 (Groundball, 56S, EV 87.5 MPH)
|
| Bottom of the 3rd over - 0 runs, 0 hits, 0 errors, 1 left on base; New York 1 - Philadelphia 2 |
| TOP OF THE 4TH |
|
New York Yankees batting - Pitching for Philadelphia Phillies : RHP Sean Hill
|
|
Batting: SHB Gus Berry
|
0-0: Called Strike 0-1: Ball 1-1: Swinging Strike 1-2: Ball 2-2: Foul Ball, location: 2F 2-2: Ball 3-2: Fly out, F9 (Line Drive, 89M, EV 90.0 MPH)
|
|
Batting: RHB Larry Martell
|
0-0: Called Strike 0-1: Ball 1-1: Called Strike 1-2: Strikes out swinging
|
|
Batting: SHB Mukhtar Wa'il
|
0-0: Foul Ball, location: 2F 0-1: Ball 1-1: Foul Ball, location: 2F 1-2: Foul Ball, location: 2F 1-2: Ball 2-2: Ball 3-2: Fly out, F5 (Flyball, 56D, EV 91.9 MPH)
|
| Top of the 4th over - 0 runs, 0 hits, 0 errors, 0 left on base; New York 1 - Philadelphia 2 |
| BOTTOM OF THE 4TH |
|
Philadelphia Phillies batting - Pitching for New York Yankees : LHP Zach Purvis
|
|
Batting: LHB Ryan Trombley
|
0-0: Foul Ball, location: 2F 0-1: Called Strike 0-2: Foul Ball, location: 2F 0-2: Strikes out swinging
|
|
Batting: SHB Phuck II
|
0-0: SINGLE (Groundball, 6M, EV 110.6 MPH) (infield hit)
|
|
Batting: LHB Cody Schumacher
|
0-0: Ball 1-0: Swinging Strike 1-1: Ball 2-1: Swinging Strike 2-2: Strikes out looking
|
|
Batting: SHB Lance Franklin
|
0-0: Ball 1-0: Ball 2-0: Ball 3-0: Fly out, F8 (Flyball, 8RD, EV 103.8 MPH)
|
| Bottom of the 4th over - 0 runs, 1 hit, 0 errors, 1 left on base; New York 1 - Philadelphia 2 |
| TOP OF THE 5TH |
|
New York Yankees batting - Pitching for Philadelphia Phillies : RHP Sean Hill
|
|
Batting: RHB Adriaan Pieters
|
0-0: Ball 1-0: Ground out 6-3 (Groundball, 6, EV 95.6 MPH)
|
|
Batting: RHB Ryan Neal
|
0-0: Ball 1-0: Called Strike 1-1: Foul Ball, location: 2F 1-2: Foul Ball, location: 2F 1-2: Strikes out swinging
|
|
Batting: LHB Dan Morris
|
0-0: Hit by Pitch
|
|
Batting: RHB Russ Shambaugh
|
0-0: Ball 1-0: Ball 2-0: Called Strike 2-1: Ball 3-1: Called Strike 3-2: Foul Ball, location: 2F 3-2: Foul Ball, location: 2F 3-2: Foul Ball, location: 2F 3-2: Strikes out looking
|
| Top of the 5th over - 0 runs, 0 hits, 0 errors, 1 left on base; New York 1 - Philadelphia 2 |
| BOTTOM OF THE 5TH |
|
Philadelphia Phillies batting - Pitching for New York Yankees : LHP Zach Purvis
|
|
Batting: LHB Nick Canizales
|
0-0: Called Strike 0-1: Fly out, F9 (Line Drive, 9, EV 98.1 MPH)
|
|
Batting: LHB Brad Turner
|
0-0: Called Strike 0-1: Swinging Strike 0-2: Ball 1-2: Foul Ball, location: 2F 1-2: Strikes out looking
|
|
Batting: RHB Quintin Parker
|
0-0: Ground out 6-3 (Groundball, 6M, EV 86.9 MPH)
|
| Bottom of the 5th over - 0 runs, 0 hits, 0 errors, 0 left on base; New York 1 - Philadelphia 2 |
| TOP OF THE 6TH |
|
New York Yankees batting - Pitching for Philadelphia Phillies : RHP Sean Hill
|
|
Batting: RHB Jeckel Hester
|
0-0: SOLO HOME RUN (Flyball, 7D, EV 97.5 MPH), Distance : 393 ft
|
|
Batting: SHB Bartholomeu Chambino
|
0-0: Called Strike 0-1: Fly out, F3 (Popup, 34, EV 70.0 MPH)
|
|
Batting: SHB Gus Berry
|
0-0: Called Strike 0-1: SOLO HOME RUN (Flyball, 9D, EV 97.5 MPH), Distance : 371 ft
|
|
Batting: RHB Larry Martell
|
0-0: Foul Ball, location: 2F 0-1: Ball 1-1: Ball 2-1: Foul Ball, location: 2F 2-2: Strikes out swinging
|
|
Batting: SHB Mukhtar Wa'il
|
0-0: Ball 1-0: Ball 2-0: TRIPLE (Flyball, 89XD, EV 107.5 MPH)
|
|
Batting: RHB Adriaan Pieters
|
0-0: Fly out, F4 (Popup, 4S, EV 83.1 MPH)
|
| Top of the 6th over - 2 runs, 3 hits, 0 errors, 1 left on base; New York 3 - Philadelphia 2 |
| BOTTOM OF THE 6TH |
|
Philadelphia Phillies batting - Pitching for New York Yankees : LHP Zach Purvis
|
|
Batting: LHB Osamu Kubo
|
0-0: Ground out 6-3 (Groundball, 6, EV 103.1 MPH)
|
|
Batting: RHB Josh Hensley
|
0-0: Ball 1-0: Fly out, F8 (Flyball, 8RS, EV 88.8 MPH)
|
|
Batting: LHB Ryan Trombley
|
0-0: Foul Ball, location: 2F 0-1: Ground out 5-3 (Groundball, 56, EV 86.2 MPH)
|
| Bottom of the 6th over - 0 runs, 0 hits, 0 errors, 0 left on base; New York 3 - Philadelphia 2 |
| TOP OF THE 7TH |
|
New York Yankees batting - Pitching for Philadelphia Phillies : RHP Sean Hill
|
|
Batting: RHB Ryan Neal
|
0-0: Ground out U3 (Groundball, 3S, EV 64.4 MPH)
|
|
Batting: LHB Dan Morris
|
0-0: Ball 1-0: Ball 2-0: Called Strike 2-1: Foul Ball, location: 2F 2-2: Strikes out swinging
|
|
Batting: RHB Russ Shambaugh
|
0-0: Ball 1-0: Ball 2-0: Ground out 4-3 (Groundball, 4S, EV 80.0 MPH)
|
| Top of the 7th over - 0 runs, 0 hits, 0 errors, 0 left on base; New York 3 - Philadelphia 2 |
| BOTTOM OF THE 7TH |
|
Philadelphia Phillies batting - Pitching for New York Yankees : LHP Zach Purvis
|
|
Batting: SHB Phuck II
|
0-0: Ball 1-0: SINGLE (Flyball, 8LS, EV 89.4 MPH)
|
|
Pinch Hitting: RHB Carlos Morejon
|
0-0: Foul Ball, location: 2F 0-1: Foul Ball, location: 2F 0-2: Ground out 5-3 (Groundball, 56S, EV 69.4 MPH) Phuck II to second
|
|
Batting: SHB Lance Franklin
|
0-0: Fly out, F9 (Line Drive, 9, EV 89.4 MPH)
|
|
Pinch Hitting: RHB Mike Hanks
|
0-0: Ground out 6-3 (Groundball, 6, EV 106.9 MPH)
|
| Bottom of the 7th over - 0 runs, 1 hit, 0 errors, 1 left on base; New York 3 - Philadelphia 2 |
| TOP OF THE 8TH |
|
New York Yankees batting - Pitching for Philadelphia Phillies : RHP Sean Hill
|
|
Pitching: RHP Josh Cornishen
|
|
|
Now at 2B: Carlos Morejon
|
|
|
Now in LF: Mike Davis
|
|
|
Now in CF: Osamu Kubo
|
|
|
Batting: RHB Jeckel Hester
|
0-0: Ball 1-0: Foul Ball, location: 2F 1-1: Ball 2-1: Ball 3-1: Foul Ball, location: 2F 3-2: Ground out 6-3 (Groundball, P, EV 90.0 MPH)
|
|
Batting: SHB Bartholomeu Chambino
|
0-0: Called Strike 0-1: Fly out, F7 (Flyball, 7D, EV 79.4 MPH)
|
|
Batting: SHB Gus Berry
|
0-0: Ball 1-0: DOUBLE (Flyball, 89D, EV 98.1 MPH)
|
|
Batting: RHB Larry Martell
|
0-0: Ball 1-0: Swinging Strike 1-1: Foul Ball, location: 2F 1-2: Ball 2-2: Strikes out swinging
|
| Top of the 8th over - 0 runs, 1 hit, 0 errors, 1 left on base; New York 3 - Philadelphia 2 |
| BOTTOM OF THE 8TH |
|
Philadelphia Phillies batting - Pitching for New York Yankees : LHP Zach Purvis
|
|
Batting: LHB Brad Turner
|
0-0: Ball 1-0: Called Strike 1-1: Ball 2-1: Ball 3-1: Foul Ball, location: 2F 3-2: Base on Balls
|
|
Batting: RHB Quintin Parker
|
0-0: Foul Ball, location: 2F 0-1: Ball 1-1: Swinging Strike 1-2: Strikes out swinging
|
|
Batting: LHB Osamu Kubo
|
0-0: Ball 1-0: 2-RUN HOME RUN (Flyball, 7D, EV 97.5 MPH), Distance : 375 ft
|
|
Batting: RHB Josh Hensley
|
0-0: Ball 1-0: Ball 2-0: Called Strike 2-1: Fly out, F6 (Popup, 6MS, EV 76.2 MPH)
|
|
Batting: LHB Ryan Trombley
|
0-0: Swinging Strike 0-1: Foul Ball, location: 2F 0-2: Ball 1-2: Strikes out swinging
|
| Bottom of the 8th over - 2 runs, 1 hit, 0 errors, 0 left on base; New York 3 - Philadelphia 4 |
| TOP OF THE 9TH |
|
New York Yankees batting - Pitching for Philadelphia Phillies : RHP Josh Cornishen
|
|
Batting: SHB Mukhtar Wa'il
|
0-0: Called Strike 0-1: Called Strike 0-2: Ground out U3 (Groundball, 3, EV 82.5 MPH)
|
|
Batting: RHB Adriaan Pieters
|
0-0: Called Strike 0-1: Ball 1-1: Ball 2-1: Ball 3-1: Fly out, F7 (Flyball, 7D, EV 101.9 MPH)
|
|
Batting: RHB Ryan Neal
|
0-0: Ball 1-0: Called Strike 1-1: Ground out 4-3 (Groundball, 4, EV 92.5 MPH)
|
| Top of the 9th over - 0 runs, 0 hits, 0 errors, 0 left on base; New York 3 - Philadelphia 4 |
|